 Dungeon Crawl Stone Soup version 0.31-a0-1343-gcd514f47d3 (webtiles) character file.

Game seed: 2658592599213119811

280 GordonOverkill the Sneak (level 6, 0/32 HPs)
             Began as a Spriggan Delver on Dec 22, 2023.
             Slain by a sky beast (5 damage)
             ... on level 3 of the Dungeon.
             The game lasted 00:08:34 (3712 turns).

GordonOverkill the Sneak (Spriggan Delver)          Turns: 3712, Time: 00:08:34

Health: 0/32       AC:  2    Str:  8    XL:     6   Next: 5%
Magic:  14/14      EV: 17    Int: 13    God:
Gold:   15         SH:  0    Dex: 17    Spells: 11/15 levels left

rFire   . . .        j - +2 trident (vamp)
rCold   . . .        (shield currently unavailable)
rNeg    . . .        a - +0 robe
rPois   .            x - +0 hat {Stlth+}
rElec   .            (no cloak)
rCorr   .            (gloves unavailable)
SInv    +            (boots unavailable)
Will    +....        (no amulet)
Stlth   +++++        (no ring)
HPRegen 0.25/turn    (no ring)
MPRegen 0.14/turn

%: no passive effects
@: very quick
A: very small, no large weapons, unfitting armour, see invisible, speed 3
a: no special abilities


You were on level 3 of the Dungeon.
You visited 1 branch of the dungeon, and saw 7 of its levels.

You collected 273 gold pieces.
You spent 258 gold pieces at shops.

Inventory:

Hand Weapons
 j - a +2 vampiric trident (weapon)
 v - a +2 short sword of speed
Missiles
 y - 2 throwing nets
Armour
 a - a +0 robe (worn)
 x - a +0 hat of stealth (worn)
Magical Staves
 u - a staff of air
Wands
 f - a wand of digging (3)
 z - a wand of polymorph (13)
Scrolls
 b - 2 scrolls of fog
 c - 2 scrolls of revelation
 d - a scroll of fear
 g - 2 scrolls of amnesia {unknown}
 h - 3 scrolls of enchant armour {unknown}
 k - 3 scrolls of identify {unknown}
 o - 2 scrolls of vulnerability {unknown}
 r - 3 scrolls of poison {unknown}
 w - a scroll of teleportation {unknown}
Potions
 e - a potion of haste
 i - 2 potions of attraction {unknown}
 l - a potion of enlightenment {unknown}
 m - 3 potions of mutation {unknown}
 n - a potion of brilliance {unknown}
 p - a potion of cancellation {unknown}
 q - 3 potions of might {unknown}
 s - 4 potions of curing {unknown}
 t - 2 potions of ambrosia {unknown}


   Skills:
 - Level 2.4 Fighting
 - Level 2.6 Dodging
 - Level 7.2 Stealth
 - Level 1.5 Unarmed Combat
 - Level 5.0 Spellcasting
 + Level 3.7 Air Magic


You had 11 spell levels left.
You knew the following spells:

 Your Spells              Type           Power      Damage    Failure   Level
a - Airstrike             Air            6%         2d(1-17)  38%         4

Your spell library contained the following spells:

 Spells                   Type           Power      Damage    Failure   Level
 Shock                    Conj/Air       32%        1d5       9%          1
 Swiftness                Air            12%        N/A       12%         3
 Sandblast                Erth           6%         2d5       19%         1
 Passwall                 Alch/Erth      2%         N/A       28%         2
 Stone Arrow              Conj/Erth      6%         3d7       50%         3
 Brom's Barrelling Bould  Conj/Erth      3%         2d3       88%         4


Dungeon Overview and Level Annotations

Branches:
Dungeon (7/15)
 Temple: D:4-7

Altars:
Okawaru
Uskayaw

Shops:
D:2 *

Annotations:
D:4 1 transporter


Innate Abilities, Weirdness & Mutations

You are very small and have problems with some larger weapons.
You are too small for most types of armour.
You have supernaturally acute eyesight. (SInv)
You cover ground extremely quickly. (Speed+++)


Message History

Reach: j) +2 trident (vamp)
Press: ? - help, Dir - move target, f/p - sky beast
Aim: a sky beast (severely wounded, about 49% to evade your +2 vampiric trident)
You reach to attack!
You miss the sky beast.
The sky beast is severely wounded.
The sky beast flickers out of sight for a moment.
The sky beast closely misses you.
You miss the sky beast.
The sky beast is heavily wounded.
The sky beast completely misses you.
You closely miss the sky beast.
The sky beast is heavily wounded.
The sky beast hits you. The sky beast shocks you.
You hit the sky beast.
You feel better.
The sky beast is severely wounded.
The sky beast completely misses you. The sky beast barely misses you.
You hit the sky beast.
You feel better.
The sky beast is severely wounded.
The sky beast closely misses you.
You miss the sky beast.
The sky beast is severely wounded.
The sky beast barely misses you.
You miss the sky beast.
The sky beast is severely wounded.
The sky beast hits you. The sky beast shocks you.
* * * LOW HITPOINT WARNING * * *
You hit the sky beast.
You feel better.
The sky beast is severely wounded.
The sky beast barely misses you. The sky beast hits you.
* * * LOW HITPOINT WARNING * * *
The sky beast shocks you.
* * * LOW HITPOINT WARNING * * *
You closely miss the sky beast.
The sky beast is severely wounded.
The sky beast closely misses you.
The sky beast attacks as it pursues you!
The sky beast hits you.
* * * LOW HITPOINT WARNING * * *
The sky beast shocks you.
You die...

#.# #.##..# #.# #..<.......# #.#
##.##..# #.######.......#
#.#####..##..# #)##...##.#.##.#
.............# #.#.....#.#.##..
.######.##..### #..........####.
.# #.##....# ###........#..#'
.######.##.##.#######....#.##....
........##........>........####.)
.##...<.........@Y..####.#.# #._
###.#########.#####.# #.#.####..
###.# #....ยง..####.#.##....
....# ######.........##..## #####
#.......####### #########


You could see a sky beast (invisible).

Vanquished Creatures
  2 hounds
  Natasha (D:4)
  4 gnolls
  5 adders
  2 worms
  2 dart slugs
  11 orcs
  6 ball pythons
  6 endoplasms
  9 goblins
  2 hobgoblins
  11 jackals
  7 quokkas
  8 bats
  8 frilled lizards
  4 kobolds
  7 rats
95 creatures vanquished.

Notes
Turn   | Place    | Note
-------+----------+-------------------------------------------
     0 | D:5      | GordonOverkill the Spriggan Delver began the quest for the
                  | Orb.
     0 | D:5      | Reached XP level 1. HP: 11/11 MP: 2/2
     7 | D:7      | Noticed a water moccasin
   111 | D:6      | Noticed a hound
   118 | D:6      | Noticed an ice beast
   144 | D:5      | Noticed a scorpion
   179 | D:5      | Noticed an iguana
   304 | D:4      | Noticed a scorpion
   422 | D:3      | Reached skill level 1 in Spellcasting
   492 | D:3      | Reached XP level 2. HP: 13/16 MP: 4/6
   540 | D:3      | Found an iron altar of Okawaru.
   688 | D:3      | Found a hide-covered altar of Uskayaw.
   898 | D:3      | Reached XP level 3. HP: 13/19 MP: 8/8
  1335 | D:2      | Reached XP level 4. HP: 23/23 MP: 11/11
  1559 | D:1      | Reached skill level 5 in Spellcasting
  1583 | D:1      | Learned a level 4 spell: Airstrike
  1644 | D:1      | Reached skill level 1 in Air Magic
  2309 | D:2      | Reached XP level 5. HP: 27/27 MP: 13/13
  2510 | D:2      | Found Lepn's Assorted Antiques.
  2516 | D:2      | Bought a glowing hat for 203 gold pieces
  2516 | D:2      | Bought a smoky black potion for 26 gold pieces
  2516 | D:2      | Bought a scroll labelled BUOFREF JYFF for 29 gold pieces
  3502 | D:4      | Found a transporter.
  3554 | D:4      | Noticed a sky beast
  3566 | D:4      | Noticed Natasha
  3573 | D:4      | Killed Natasha
  3574 | D:4      | Reached XP level 6. HP: 32/32 MP: 14/14
  3712 | D:3      | Slain by a sky beast

Illustrated notes

Levels and vault maps discovered:
D:1:      roderic_lyre, layout_rooms
D:2:      cheibrodos_old_hovel, layout_loops_ring, serial_shops, shop,
          minmay_misc_feat_chi
D:3:      layout_loops_ring, amcnicky_altar_gilded,
          hellmonk_okawaru_the_only_friend_you_need
D:4:      layout_cave_pools, gammafunk_ghost_gnarly_gnolls, uniq_natasha
D:5:      layout_loops_ring, kennysheep_diamond, hex_large,
          amcnicky_mini_rare_corridor_liquid
D:6:      layout_layer_cave, mainiacjoe_overflow_big_doors,
          minmay_temple_entry_water_ring, minivault_24, uniq_grinder
D:7:      layout_basic, hangedman_decor_clover_reticule,
          nicolae_twisty_statue_hallways, uniq_crazy_yiuf_cottage, uniq_maurice

Skill      XL: |  1  2  3  4  5 |
---------------+----------------+-----
Spellcasting   | 2 3 4 5 |  5.0
Air Magic      | 1 3 |  3.7
Fighting       | |  2.4
Dodging        | |  2.6
Stealth        | |  7.2
Unarmed Combat | |  1.5

Action                     |  1- 3 |  4- 6 || total
---------------------------+-------+-------++-------
  Melee: Trident           |   110 |   241 ||   351
         Short sword       |       |     6 ||     6
         Punch             |       |     1 ||     1
   Stab: Sleeping          |     6 |    10 ||    16
         Distracted        |       |     1 ||     1
 Armour: Robe              |    28 |    85 ||   113
  Dodge: Dodged            |    82 |   212 ||   294

Table legend: (Time is in decaauts)
 A = Elapsed time spent in this place.
 B = Non-inter-level travel time spent in this place.
 C = Inter-level travel time spent in this place.
 D = Time resting spent in this place.
 E = Time spent auto-exploring this place.
 F = Levels seen in this place.
 G = Mean time per level.
                   A        B        C        D        E       F      G
               +--------+--------+--------+--------+--------+-----+--------+
         Total |   2810 |   2718 |     92 |    578 |   1043 |   7 |  401.4 |
       Dungeon |   2810 |   2718 |     92 |    578 |   1043 |   7 |  401.4 |
               +--------+--------+--------+--------+--------+-----+--------+

Top non-repeatable levels by time:
     D:3: 1041 daAuts
     D:2: 651 daAuts
     D:1: 604 daAuts
     D:4: 320 daAuts
     D:5: 121 daAuts
     D:6: 69 daAuts
     D:7: 1 daAuts
